 Seeded DCSS version 0.30-a0-279-g4b46babb21 (webtiles) character file.

Game seed: 9700494114414739991 (custom seed)

1 hikkokomori the Trooper (level 1, 0/21 HPs)
             Began as a Gargoyle Berserker on Oct 17, 2022.
             Was a Follower of Trog.
             Frozen to death by an endoplasm (5 damage)
             ... on level 1 of the Dungeon.
             The game lasted 00:00:11 (49 turns).

hikkokomori the Trooper (Gargoyle Berserker)          Turns: 49, Time: 00:00:12

Health: 0/21       AC:  4    Str: 20    XL:     1   Next: 20%
Magic:  1/1        EV: 11    Int:  7    God:    Trog [*.....]
Gold:   0          SH:  0    Dex:  9    Spells: 0/0 levels left

rFire   . . .      SeeInvis .    a - +0 hand axe
rCold   . . .      Faith    .    (no shield)
rNeg    + . .      Spirit   .    b - +0 animal skin
rPois   ∞          Reflect  .    (no helmet)
rElec   +          Harm     .    (no cloak)
rCorr   .          Rampage  .    (no gloves)
Will    .....                    (no boots)
Stlth   ..........               (no amulet)
HPRegen 0.23/turn                (no ring)
MPRegen 0.07/turn                (no ring)

@: berserking, very quick
A: sickness immunity, AC +2, negative energy resistance 1, electricity
resistance, torment resistance 1, petrification resistance
a: Renounce Religion, Berserk


You were on level 1 of the Dungeon.
You worshipped Trog.
Trog was aware of your devotion.
You visited 1 branch of the dungeon, and saw 1 of its levels.

Inventory:

Hand Weapons
 a - a +0 hand axe (weapon)
Armour
 b - a +0 animal skin (worn)
Jewellery
 c - a ring of protection from cold


   Skills:
 + Level 3.3 Fighting
 + Level 2.7 Axes
 + Level 2.2 Armour
 + Level 1.6 Dodging


You couldn't memorise any spells.
You didn't know any spells.
Your spell library was empty.

Dungeon Overview and Level Annotations

Branches:
Dungeon (1/15)

Altars:


Innate Abilities, Weirdness & Mutations

You are immune to sickness and miasma.
Your stone body is resilient. (AC +2)
You are immune to poison.
You resist negative energy. (rN+)
You are resistant to electric shocks. (rElec)
You are resistant to unholy torment.
You are immune to petrification.


Message History

A kobold comes into view. It is wielding a +0 short sword.
The hobgoblin hits you.
You barely miss the hobgoblin.
The goblin shouts!
You hear an angry hiss.
A goblin comes into view. It is wielding a +0 club.
The hobgoblin hits you.
There are monsters nearby!
There are monsters nearby!
There are monsters nearby!
You barely miss the endoplasm.
The goblin shouts!
You hit the hobgoblin. The hobgoblin barely misses you.
The endoplasm freezes you.
You are frozen.
You completely miss the hobgoblin.
The hobgoblin is moderately wounded.
You closely miss the quokka. You hit the endoplasm. The quokka bites you.
A dart slug comes into view.
The hobgoblin barely misses you.
The endoplasm hits you but does no damage.
The quokka bites you.
* * * LOW HITPOINT WARNING * * *
Unknown command.
The endoplasm attacks as you move away! The endoplasm barely misses you.
The quokka twitches its whiskers.
Unknown command.
A red film seems to cover your vision as you go berserk!
You feel yourself moving faster!
You feel mighty! The hobgoblin barely misses you.
The endoplasm hits you but does no damage.
The quokka bites you but does no damage.
You barely miss the endoplasm.
The endoplasm is almost dead.
You hit the hobgoblin.
You kill the hobgoblin!
Trog accepts your kill.
You hit the quokka.
The kobold throws a stone.
The stone misses you. The endoplasm freezes you.
You are frozen.
You die...

..#!#....# #........#
#........ # #.......#.##
#....(.....## ###
#.....g.....#
######<######..B#K.....
#...........#rJ.g......
##+####'####+#.@##.##...
#..#.##.).......# #
#..........######
#.........##
#.........#######
#.......).......>
#.........#######
####.#...## #...###


You could see an endoplasm, a quokka, a giant cockroach, 2 goblins and a kobold.

Vanquished Creatures
  A hobgoblin (D:1)
  A kobold (D:1)
2 creatures vanquished.

Vanquished Creatures (others)
  3 plants (D:1)
3 creatures vanquished.

Grand Total: 5 creatures vanquished

Notes
Turn   | Place    | Note
-------+----------+-------------------------------------------
     0 | D:1      | hikkokomori the Gargoyle Berserker began the quest for the
                  | Orb.
     0 | D:1      | Reached XP level 1. HP: 14/14 MP: 1/1
    49 | D:1      | Frozen to death by an endoplasm

Illustrated notes

Levels and vault maps discovered:
D:1:      minmay_arrival_three_doors, layout_rooms, minmay_lizard_king

Action                   || total
-------------------------++-------
Melee: Hand axe          ||     5
Invok: Berserk           ||     1
Armor: Animal skin       ||     3
Dodge: Dodged            ||     6

Table legend: (Time is in decaauts)
 A = Elapsed time spent in this place.
 B = Non-inter-level travel time spent in this place.
 C = Inter-level travel time spent in this place.
 D = Time resting spent in this place.
 E = Time spent auto-exploring this place.
 F = Levels seen in this place.
 G = Mean time per level.
                   A        B        C        D        E       F      G
               +--------+--------+--------+--------+--------+-----+--------+
         Total |     49 |     49 |      0 |      0 |     32 |   1 |   49.0 |
       Dungeon |     49 |     49 |      0 |      0 |     32 |   1 |   49.0 |
               +--------+--------+--------+--------+--------+-----+--------+

Top non-repeatable levels by time:
     D:1: 49 daAuts
